 Dungeon Crawl Stone Soup version 0.31-a0-1082-g7d1fb776a8 (webtiles) character file.

Game seed: 13948480766655808182

1061 Dirtsage the Insei (level 8, 27/64 HPs)
             Began as a Demonspawn Monk on Nov 27, 2023.
             Was a Believer of Wu Jian.
             Quit the game on level 5 of the Dungeon.
             The game lasted 00:07:55 (4380 turns).

Dirtsage the Insei (Demonspawn Monk)                Turns: 4380, Time: 00:07:55

Health: 27/64      AC: 16    Str: 13    XL:     8   Next: 6%
Magic:  8/8        EV:  7    Int: 12    God:    Wu Jian [**....]
Gold:   158        SH:  0    Dex: 22    Spells: 7/7 levels left

rFire   . .          .
                       - Unarmed
rCold   . . .        c - orb {light}
rNeg    . . .        y - +0 chain mail
rPois   .            (no helmet)
rElec   .            i - +0 cloak
rCorr   .            (no gloves)
SInv    .            F - +0 pair of boots
Will    .....        (no amulet) Stlth
                     D - +6 ring of dexterity
HPRegen 0.30/turn    (no ring)
MPRegen 0.11/turn

%: no passive effects
@: sanguine armoured, glowing
A: demonic guardian 1, foul stench 2, sanguine armour 1
a: Renounce Religion, Wall Jump


You were on level 5 of the Dungeon.
You worshipped Wu Jian.
Wu Jian was pleased with you.
You visited 2 branches of the dungeon, and saw 6 of its levels.
You also visited: Sewer.

You collected 158 gold pieces.

Inventory:

Missiles
 d - a throwing net
Armour
 c - an orb of light (worn)
 e - a +0 tower shield
 i - a +0 cloak (worn)
 y - a +0 chain mail (worn)
 F - a +0 pair of boots (worn)
Jewellery
 a - a +6 ring of intelligence
 D - a +6 ring of dexterity (left hand)
Wands
 m - a wand of flame (17)
Scrolls
 f - 2 scrolls of amnesia {unknown}
 h - a scroll of torment {unknown}
 k - 5 scrolls of fog {unknown}
 l - a scroll of silence {unknown}
 n - a scroll of poison {unknown}
 v - a scroll of fear {unknown}
 w - a scroll of teleportation {unknown}
 x - a scroll of brand weapon {unknown}
 z - 3 scrolls of identify {unknown}
 B - 2 scrolls of noise {unknown}
 C - a scroll of vulnerability {unknown}
 E - a scroll of enchant weapon {unknown}
 G - a scroll of immolation {unknown}
Potions
 b - a potion of ambrosia
 g - a potion of enlightenment {unknown}
 j - a potion of lignification {unknown}
 o - 2 potions of brilliance {unknown}
 p - a potion of cancellation {unknown}
 q - a potion of invisibility {unknown}
 r - 2 potions of haste {unknown}
 s - 4 potions of magic {unknown}
 t - a potion of resistance {unknown}
 u - a potion of curing {unknown}
 A - 2 potions of mutation {unknown}
 H - a potion of might {unknown}


   Skills:
 + Level 6.2 Fighting
 - Level 2.6 Dodging
 * Level 7.5 Unarmed Combat


You had 7 spell levels left.
You didn't know any spells.
Your spell library contained the following spells:

 Spells                   Type           Power      Damage    Failure   Level
 Apportation              Tloc           0%         N/A       100%        1
 Necrotise                Necr           0%         1d4       100%        1
 Summon Small Mammal      Summ           0%         N/A       100%        1
 Cigotuvi's Dreadful Rot  Necr/Pois/Air  0%         N/A       100%        2
 Poisonous Vapours        Pois/Air       0%         N/A       100%        2
 Mephitic Cloud           Conj/Pois/Air  0%         N/A       100%        3
 Dispel Undead            Necr           0%         3d6       100%        4
 Freezing Cloud           Conj/Ice/Air   0%         6-21      100%        5
 Death Channel            Necr           0%         N/A       100%        6


Dungeon Overview and Level Annotations

Branches:
Dungeon (5/15)             Temple (1/1) D:4           Sewer (visited)

Altars:
Ashenzari
Cheibriados
Dithmenos
Fedhas
Hepliaklqana
Makhleb
Nemelex Xobeh
Okawaru
Qazlal
Ru
Sif Muna
Trog
Uskayaw
Vehumet
Wu Jian
Xom
Yredelemnul


Innate Abilities, Weirdness & Mutations

A weak demonic guardian rushes to your aid.
You sometimes emit foul miasma when damaged in melee.
When seriously injured, your blood forms armour. (AC +6)


Message History

You closely miss Dowan.
Dowan is heavily wounded.
Duvessa hits you with a +0 short sword.
Your blood congeals into armour.
Dowan hits you but does no damage.
You take 6 damage, and have 33/58 hp.
You spin and attack Duvessa.
You hit Duvessa.
Duvessa is severely wounded.
You spin and attack Dowan.
You hit Dowan.
Dowan is heavily wounded.
Duvessa hits you but does no damage. Dowan hits you but does no damage.
You spin and attack Duvessa.
You hit Duvessa but do no damage.
Duvessa is severely wounded.
You spin and attack Dowan repeatedly.
You punch Dowan!
Dowan is almost dead.
You punch Dowan!
You kill Dowan!
The Council accepts your kill.
Duvessa weeps, and shakes her weapon.
Duvessa goes berserk!
Duvessa hits you with a +0 short sword! Duvessa hits you with a +0 short sword.
You take 9 damage, and have 24/58 hp.
You punch Duvessa!
Duvessa is almost dead.
Duvessa barely misses you.
You hit Duvessa.
Duvessa is almost dead.
Duvessa barely misses you.
You hit Duvessa.
Duvessa is almost dead.
Duvessa hits you but does no damage.
You hit Duvessa.
You kill Duvessa!
The Council accepts your kill.
You have reached level 8!
You feel agile.
Your demonic ancestry asserts itself...
You feel the presence of a demonic guardian.
You regained 3 hp, and now have 27/64 hp.
MP restored: 8 Unknown command.
Are you sure you want to abandon this character and quit the game? (Confirm with "yes".)

........####....
#.........#... ....
..........#.#####...##
.....................
#........# .......
##........## .......
#..††.†....##.....#
##..........#.....#
#.....<.)@)......#
#.........)#....>#
##.#..†...##..#.##
##.......# ..# #
##...#.......
#.....#......
#.....?.......
#...#.........#
............


There were no monsters in sight!

Vanquished Creatures
  Menkaure (D:4)
  Edmund (D:4)
  Duvessa (D:5)
  An ogre (D:4)
  A kobold brigand (Sewer)
  A scorpion (D:5)
  Dowan (D:5)
  2 howler monkeys
  2 hounds (D:5)
  A jelly (D:4)
  A sleepcap (D:5)
  10 adders
  4 gnolls (D:4)
  2 river rats (Sewer)
  2 ufetubi (D:5)
  2 worms
  4 dart slugs
  3 orcs
  9 ball pythons
  3 bats (D:1)
  10 endoplasms
  4 giant cockroaches
  4 goblins
  6 hobgoblins
  19 kobolds
  5 quokkas
  7 frilled lizards
  23 rats
130 creatures vanquished.

Notes
Turn   | Place    | Note
-------+----------+-------------------------------------------
     0 | D:1      | Dirtsage the Demonspawn Monk began the quest for the Orb.
     0 | D:1      | Reached XP level 1. HP: 18/18 MP: 1/1
   135 | D:1      | Reached skill level 3 in Unarmed Combat
   158 | D:1      | Gained mutation: You may rarely emit foul miasma when
                  | damaged in melee. [demonic ancestry]
   158 | D:1      | Reached XP level 2. HP: 7/24 MP: 2/2
   547 | D:1      | Gained mutation: You sometimes emit foul miasma when
                  | damaged in melee. [demonic ancestry]
   547 | D:1      | Reached XP level 3. HP: 20/29 MP: 3/3
   947 | D:2      | You fall into a shaft and drop 2 floors!
   948 | D:4      | Noticed an ogre
   958 | D:4      | Killed an ogre
   959 | D:4      | Reached skill level 4 in Unarmed Combat
   959 | D:4      | Gained mutation: When seriously injured, your blood forms
                  | armour. (AC +6) [demonic ancestry]
   959 | D:4      | Reached XP level 4. HP: 32/37 MP: 4/4
  1018 | D:4      | Found a glowing drain.
  1031 | D:4      | Reached XP level 5. HP: 36/42 MP: 5/5
  1040 | Sewer    | Entered a sewer
  1105 | Sewer    | Reached skill level 5 in Unarmed Combat
  1557 | Sewer    | Reached XP level 6. HP: 48/49 MP: 6/6
  1892 | D:4      | Noticed Edmund
  1912 | D:4      | Killed Edmund
  2231 | D:3      | Identified the +7 sling "Vatacieps" {flame, rElec}
  2423 | D:2      | Identified the +2 leather armour of the Lily {+Blink}
  2538 | D:2      | Reached skill level 5 in Fighting
  2956 | D:3      | Found a shadowy altar of Dithmenos.
  2966 | D:3      | Found a radiant altar of Vehumet.
  3028 | D:3      | Reached skill level 6 in Unarmed Combat
  3384 | D:4      | Reached XP level 7. HP: 36/56 MP: 7/7
  3528 | D:4      | Noticed Menkaure
  3536 | D:4      | Killed Menkaure
  3553 | D:4      | Found a shimmering blue altar of Sif Muna.
  3902 | D:4      | Found a snail-covered altar of Cheibriados.
  4083 | D:4      | Identified the +1 robe "Ycles" {rF++ rCorr MP+9 Str+3}
  4208 | D:4      | Found a staircase to the Ecumenical Temple.
  4213 | Temple   | Entered the Ecumenical Temple
  4233 | Temple   | Became a worshipper of the Wu Jian Council
  4233 | Temple   | Reached * piety under Wu Jian
  4233 | Temple   | Reached ** piety under Wu Jian
  4299 | D:5      | Entered Level 5 of the Dungeon
  4319 | D:5      | Reached skill level 7 in Unarmed Combat
  4364 | D:5      | Noticed Duvessa
  4368 | D:5      | Noticed Dowan
  4375 | D:5      | Killed Dowan
  4379 | D:5      | Killed Duvessa
  4380 | D:5      | Gained mutation: A weak demonic guardian rushes to your
                  | aid. [demonic ancestry]
  4380 | D:5      | Reached XP level 8. HP: 27/64 MP: 8/8
  4380 | D:5      | Quit the game

Illustrated notes

Levels and vault maps discovered:
D:1:      spicycebolla_green_bress_n_ham_2, layout_basic
D:2:      layout_loops_ring, serial_aquarium, aquarium_bridge_square
          [aquarium_subvault_wall, aquarium_subvault_bridge,
          aquarium_subvault_bridge, aquarium_subvault_wall], aquarium_window_1,
          aquarium_window_fake, aquarium_view_2c, aquarium_view_2d
D:3:      layout_loops_cross, nicolae_overflow_squiral
D:4:      layout_loops_corners, mainiacjoe_overflow_six_doors_small,
          mainiacjoe_overflow_catwalk, temple_doors_ab, portal_sewer_entry_a,
          grunt_ministairs_5, uniq_edmund, uniq_menkaure
D:5:      layout_cave_pools, uniq_duvessa
Temple:   nicolae_temple_elliptical

Skill      XL: |  1  2  3  4  5  6  7 |
---------------+----------------------+-----
Unarmed Combat | 3 4 5 6 7 |  7.5
Fighting       | 4 5 6 |  6.2
Dodging        | |  2.6

Action                     |  1- 3 |  4- 6 |  7- 9 || total
---------------------------+-------+-------+-------++-------
  Melee: Unarmed           |    91 |   231 |    94 ||   416
Ability: Whirlwind         |       |       |    26 ||    26
         Lunge             |       |       |     3 ||     3
  Evoke: Wand              |     1 |     3 |       ||     4
 Armour: Ring mail         |    47 |   119 |       ||   166
         Robe              |     1 |       |       ||     1
         Chain mail        |       |    53 |    76 ||   129
  Dodge: Dodged            |    49 |   138 |    46 ||   233
  Block: Tower shield      |     2 |       |       ||     2

Table legend: (Time is in decaauts)
 A = Elapsed time spent in this place.
 B = Non-inter-level travel time spent in this place.
 C = Inter-level travel time spent in this place.
 D = Time resting spent in this place.
 E = Time spent auto-exploring this place.
 F = Levels seen in this place.
 G = Mean time per level.
                   A        B        C        D        E       F      G
               +--------+--------+--------+--------+--------+-----+--------+
         Total |   4355 |   4160 |    195 |    150 |   3226 |   7 |  622.1 |
       Dungeon |   3610 |   3453 |    157 |    150 |   2696 |   5 |  722.0 |
        Temple |     40 |      2 |     38 |      0 |      0 |   1 |   40.0 |
         Sewer |    704 |    704 |      0 |      0 |    529 |   1 |  704.0 |
               +--------+--------+--------+--------+--------+-----+--------+

Top non-repeatable levels by time:
     D:4: 1381 daAuts
     D:1: 819 daAuts
   Sewer: 704 daAuts
     D:3: 687 daAuts
     D:2: 644 daAuts
     D:5: 76 daAuts
  Temple: 40 daAuts
